General information
- name: BNet
- type: Ladder team game (AT/RT)
- host: Battle.net
- saver: PLEASEDONTGO
map: Deadlock
- players: 8
- length: 65:46
- speed: Fast
- version: 1.23 W3XP
- replay type: Public
» download(543 KB)
Players
team 1 (winner)
aE.GatoRade. (
pink | 80 APM | 5289 actions | 65:46)
9 Blademaster
3 Wind Walk
3 Critical Strike
1 Bladestorm
2 Mirror Image
» actions
| Assign group hotkey | 5 | |
| Basic commands | 7 | |
| Build / train | 91 | |
| ESC pressed | 5 | |
| Enter build submenu | 28 | |
| Enter hero's abilities submenu | 10 | |
| Right click | 4488 | |
| Select / deselect | 410 | |
| Select group hotkey | 6 | |
| Use ability | 239 | |
5289 total
» units
| Peon | 10 | |
| Troll Batrider | 15 | |
| Demolisher | 4 | |
29 total
» upgrades
| Spiked Barricades | 1 | |
| Liquid Fire | 1 | |
| Ranged Weapons | 3 | |
| Reinforced Defenses | 1 | |
| Burning Oil | 1 | |
7 total
» buildings
| Altar of Storms | 1 | |
| Orc Burrow | 4 | |
| War Mill | 1 | |
| Voodoo Lounge | 2 | |
| Watch Tower | 14 | |
| Stronghold | 1 | |
| Fortress | 1 | |
| Beastiary | 2 | |
| Barracks | 1 | |
| Great Hall | 1 | |
28 total
» build order
00:11 Altar of Storms
00:42 Orc Burrow
01:18 War Mill
01:32 Voodoo Lounge
02:02 Voodoo Lounge
02:31 Watch Tower
03:36 Watch Tower
03:59 Watch Tower
04:17 Orc Burrow
05:32 Stronghold
05:38 Watch Tower
05:39 Watch Tower
05:43 Watch Tower
05:46 Watch Tower
06:31 Watch Tower
07:10 Watch Tower
07:13 Watch Tower
08:52 Fortress
09:03 Beastiary
09:06 Beastiary
09:08 Watch Tower
09:09 Watch Tower
10:55 Orc Burrow
10:57 Orc Burrow
14:52 Watch Tower
14:53 Watch Tower
17:04 Barracks
23:03 Great Hall
» items
| Healing Salve | 3 | |
| Lesser Clarity Potion | 15 | |
| Potion of Healing | 8 | |
| Potion of Mana | 8 | |
| Boots of Speed | 1 | |
| Orb of Lightning | 1 | |
| Scroll of Regeneration | 7 | |
43 total
AE.GATORADE.SUX (
green | 81 APM | 5338 actions | 65:46)
8 Death Knight
3 Death Coil
3 Unholy Aura
1 Animate Dead
1 Death Pact
8 Lich
3 Frost Nova
3 Frost Armor
1 Death and Decay
1 Dark Ritual
» actions
| Assign group hotkey | 25 | |
| Basic commands | 31 | |
| Build / train | 59 | |
| ESC pressed | 13 | |
| Enter build submenu | 17 | |
| Enter hero's abilities submenu | 16 | |
| Right click | 2927 | |
| Select / deselect | 546 | |
| Select group hotkey | 1501 | |
| Use ability | 203 | |
5338 total
» units
| Acolyte | 4 | |
| Ghoul | 4 | |
| Crypt Fiend | 13 | |
| Obsidian Statue | 2 | |
23 total
» upgrades
| Creature Carapace | 1 | |
| Burrow | 1 | |
| Web | 1 | |
3 total
» buildings
| Graveyard | 1 | |
| Crypt | 1 | |
| Altar of Darkness | 1 | |
| Ziggurat | 4 | |
| Tomb of Relics | 1 | |
| Nerubian Tower | 1 | |
| Halls of the Dead | 1 | |
| Spirit Tower | 1 | |
| Slaughterhouse | 1 | |
| Sacrificial Pit | 1 | |
| Black Citadel | 1 | |
14 total
» build order
00:21 Graveyard
00:23 Crypt
00:44 Altar of Darkness
01:07 Ziggurat
01:14 Tomb of Relics
02:03 Ziggurat
02:40 Nerubian Tower
04:14 Ziggurat
05:43 Halls of the Dead
06:46 Ziggurat
08:11 Spirit Tower
11:20 Slaughterhouse
11:48 Sacrificial Pit
12:25 Black Citadel
» items
| Rod of Necromancy | 1 | |
| Scroll of Town Portal | 3 | |
| Scroll of Protection | 1 | |
| Scroll of Healing | 1 | |
| Potion of Lesser Invulnerability | 1 | |
| Lesser Clarity Potion | 2 | |
9 total
MidnightSoul (
blue | 30 APM | 1945 actions | 65:46)
4 Blademaster
2 Wind Walk
2 Critical Strike
» actions
| Assign group hotkey | 5 | |
| Basic commands | 36 | |
| Build / train | 40 | |
| ESC pressed | 3 | |
| Enter build submenu | 31 | |
| Enter hero's abilities submenu | 4 | |
| Remove unit from queue | 1 | |
| Right click | 931 | |
| Select / deselect | 724 | |
| Select group hotkey | 37 | |
| Use ability | 132 | |
1945 total
» units
» upgrades
| Ensnare | 1 | |
| Spirit Walker Training | 2 | |
| Pulverize | 1 | |
4 total
» buildings
| Altar of Storms | 1 | |
| Orc Burrow | 5 | |
| Barracks | 2 | |
| War Mill | 1 | |
| Voodoo Lounge | 2 | |
| Stronghold | 3 | |
| Fortress | 1 | |
| Beastiary | 1 | |
| Spirit Lodge | 1 | |
| Watch Tower | 10 | |
| Tauren Totem | 2 | |
| Great Hall | 2 | |
31 total
» build order
00:08 Altar of Storms
00:16 Orc Burrow
00:48 Barracks
01:29 Orc Burrow
01:46 Barracks
01:58 War Mill
02:24 Voodoo Lounge
02:58 Orc Burrow
03:46 Stronghold
03:46 Stronghold
05:29 Orc Burrow
06:03 Orc Burrow
06:17 Fortress
07:14 Beastiary
07:16 Spirit Lodge
07:29 Watch Tower
08:19 Watch Tower
09:20 Watch Tower
09:22 Watch Tower
09:45 Voodoo Lounge
10:57 Tauren Totem
11:03 Tauren Totem
11:06 Watch Tower
11:39 Watch Tower
13:16 Great Hall
13:17 Watch Tower
13:18 Watch Tower
14:19 Great Hall
14:22 Watch Tower
15:26 Watch Tower
» items
| Healing Salve | 3 | |
| Lesser Clarity Potion | 4 | |
| Potion of Healing | 1 | |
| Boots of Speed | 1 | |
| Staff of Teleportation | 1 | |
| Orb of Lightning | 1 | |
11 total
PLEASEDONTGO (
yellow | 65 APM | 4259 actions | 65:46)
10 Mountain King
3 Storm Bolt
3 Bash
1 Avatar
3 Thunder Clap
» actions
| Assign group hotkey | 44 | |
| Basic commands | 74 | |
| Build / train | 231 | |
| Enter build submenu | 84 | |
| Enter hero's abilities submenu | 10 | |
| Give item / drop item | 1 | |
| Remove unit from queue | 12 | |
| Right click | 2260 | |
| Select / deselect | 485 | |
| Select group hotkey | 664 | |
| Use ability | 394 | |
4259 total
» units
| Peasant | 45 | |
| Dragonhawk Rider | 15 | |
| Gryphon Rider | 5 | |
| Mortar Team | 6 | |
| Priest | 1 | |
| Sorceress | 3 | |
| Knight | 2 | |
77 total
» upgrades
| Masonry | 3 | |
| Magic Sentry | 1 | |
| Cloud | 1 | |
| Swords | 3 | |
| Armor | 3 | |
| Animal War Training | 1 | |
| Fragmentation Shards | 1 | |
| Flare | 1 | |
| Gunpowder | 3 | |
| Sorceress Training | 1 | |
| Storm Hammers | 1 | |
19 total
» buildings
| Altar of Kings | 1 | |
| Lumber Mill | 2 | |
| Farm | 20 | |
| Scout Tower | 94 | |
| Arcane Tower | 12 | |
| Guard Tower | 49 | |
| Arcane Vault | 1 | |
| Keep | 1 | |
| Arcane Sanctum | 1 | |
| Castle | 1 | |
| Town Hall | 12 | |
| Blacksmith | 2 | |
| Gryphon Aviary | 4 | |
| Barracks | 2 | |
| Workshop | 2 | |
| Cannon Tower | 4 | |
208 total
» build order
00:09 Altar of Kings
00:10 Lumber Mill
00:29 Farm
00:30 Farm
01:19 Scout Tower
01:46 Scout Tower
01:48 Scout Tower
02:00 Arcane Tower
02:15 Guard Tower
02:40 Scout Tower
02:40 Scout Tower
02:43 Guard Tower
02:55 Farm
02:56 Farm
03:19 Guard Tower
03:23 Arcane Vault
03:27 Scout Tower
03:28 Scout Tower
03:33 Scout Tower
03:33 Scout Tower
04:36 Guard Tower
04:44 Keep
05:41 Scout Tower
05:42 Scout Tower
05:42 Scout Tower
05:47 Scout Tower
05:48 Scout Tower
06:16 Guard Tower
06:17 Guard Tower
06:24 Guard Tower
06:24 Guard Tower
06:42 Arcane Tower
06:45 Arcane Tower
06:46 Arcane Tower
07:34 Arcane Sanctum
07:37 Castle
07:59 Town Hall
08:07 Town Hall
08:13 Scout Tower
08:13 Scout Tower
08:14 Scout Tower
08:15 Scout Tower
08:18 Scout Tower
08:19 Scout Tower
08:19 Scout Tower
08:20 Scout Tower
08:21 Scout Tower
08:22 Scout Tower
08:24 Scout Tower
08:26 Scout Tower
08:37 Guard Tower
09:12 Arcane Tower
09:12 Arcane Tower
09:14 Guard Tower
09:40 Guard Tower
10:24 Guard Tower
10:24 Guard Tower
11:25 Blacksmith
11:29 Gryphon Aviary
11:31 Gryphon Aviary
11:56 Arcane Tower
11:59 Guard Tower
13:04 Farm
13:49 Barracks
15:30 Town Hall
15:37 Scout Tower
15:37 Scout Tower
15:38 Scout Tower
15:39 Scout Tower
15:42 Scout Tower
15:43 Scout Tower
15:43 Scout Tower
15:45 Scout Tower
15:47 Scout Tower
15:48 Scout Tower
15:48 Scout Tower
15:49 Scout Tower
16:10 Arcane Tower
16:10 Arcane Tower
16:15 Guard Tower
16:18 Guard Tower
16:53 Guard Tower
16:53 Guard Tower
17:00 Guard Tower
17:34 Guard Tower
18:45 Farm
18:45 Farm
18:46 Farm
18:47 Farm
18:48 Farm
18:48 Farm
20:37 Workshop
20:38 Workshop
24:07 Town Hall
25:51 Scout Tower
25:52 Scout Tower
25:52 Scout Tower
25:54 Scout Tower
25:54 Scout Tower
25:55 Scout Tower
25:56 Scout Tower
25:57 Scout Tower
25:57 Scout Tower
25:58 Scout Tower
25:58 Scout Tower
25:59 Scout Tower
26:00 Scout Tower
26:01 Scout Tower
26:01 Scout Tower
26:02 Scout Tower
26:03 Scout Tower
26:04 Scout Tower
26:05 Scout Tower
26:06 Scout Tower
26:25 Guard Tower
26:54 Guard Tower
27:18 Guard Tower
27:20 Guard Tower
27:21 Guard Tower
27:34 Arcane Tower
28:13 Guard Tower
28:13 Guard Tower
28:43 Guard Tower
28:43 Guard Tower
28:49 Guard Tower
28:49 Guard Tower
29:06 Guard Tower
29:06 Guard Tower
29:20 Guard Tower
29:20 Guard Tower
30:37 Scout Tower
30:38 Scout Tower
30:39 Scout Tower
30:40 Scout Tower
30:40 Scout Tower
30:41 Scout Tower
30:42 Scout Tower
30:43 Scout Tower
30:44 Scout Tower
30:45 Scout Tower
30:45 Scout Tower
30:46 Scout Tower
30:47 Scout Tower
30:48 Scout Tower
30:48 Scout Tower
30:48 Scout Tower
30:49 Scout Tower
30:49 Scout Tower
30:58 Scout Tower
30:59 Scout Tower
31:01 Scout Tower
31:03 Scout Tower
31:04 Scout Tower
31:05 Scout Tower
31:05 Scout Tower
31:07 Scout Tower
31:08 Scout Tower
31:33 Town Hall
31:37 Cannon Tower
32:15 Guard Tower
33:02 Arcane Tower
33:31 Town Hall
33:53 Lumber Mill
34:04 Cannon Tower
34:04 Cannon Tower
35:54 Guard Tower
38:39 Town Hall
40:31 Town Hall
46:03 Town Hall
48:02 Scout Tower
48:02 Scout Tower
48:03 Scout Tower
48:03 Scout Tower
48:04 Scout Tower
48:05 Scout Tower
48:05 Scout Tower
48:06 Scout Tower
48:07 Scout Tower
49:05 Guard Tower
49:37 Guard Tower
52:38 Town Hall
54:49 Gryphon Aviary
54:49 Gryphon Aviary
54:55 Barracks
54:56 Farm
54:58 Farm
54:58 Farm
54:58 Farm
54:59 Farm
55:00 Farm
55:55 Blacksmith
61:07 Town Hall
62:26 Farm
62:27 Farm
62:29 Farm
65:11 Town Hall
» items
| Potion of Healing | 4 | |
| Potion of Mana | 2 | |
| Scroll of Regeneration | 9 | |
| Ivory Tower | 5 | |
| Scroll of Town Portal | 15 | |
| Orb of Fire | 1 | |
| Staff of Sanctuary | 1 | |
| Lesser Clarity Potion | 2 | |
| Boots of Speed | 1 | |
| Potion of Lesser Invulnerability | 1 | |
41 total
team 2 (loser)
Frozen_Donut (
purple | 61 APM | 3977 actions | 65:39)
5 Archmage
3 Summon Water Elemental
2 Brilliance Aura
3 Naga Sea Witch
2 Frost Arrows
1 Forked Lightning
1 Mountain King
1 Storm Bolt
» actions
| Assign group hotkey | 16 | |
| Basic commands | 134 | |
| Build / train | 205 | |
| Enter build submenu | 34 | |
| Enter hero's abilities submenu | 9 | |
| Remove unit from queue | 2 | |
| Right click | 1977 | |
| Select / deselect | 1338 | |
| Select group hotkey | 1 | |
| Use ability | 261 | |
3977 total
» units
| Peasant | 50 | |
| Footman | 15 | |
| Sorceress | 4 | |
| Rifleman | 2 | |
| Knight | 7 | |
| Razormane Medicine Man | 1 | |
| Harpy Windwitch | 1 | |
| Mortar Team | 19 | |
| Priest | 3 | |
| Siege Engine | 12 | |
114 total
» upgrades
| Defend | 1 | |
| Lumber Harvesting | 2 | |
| Masonry | 3 | |
| Gunpowder | 3 | |
| Fragmentation Shards | 1 | |
| Plating | 3 | |
| Barrage | 1 | |
| Animal War Training | 1 | |
| Flare | 1 | |
| Armor | 3 | |
| Magic Sentry | 1 | |
| Priest Training | 1 | |
| Sorceress Training | 1 | |
| Swords | 1 | |
23 total
» buildings
| Altar of Kings | 1 | |
| Barracks | 1 | |
| Farm | 11 | |
| Arcane Vault | 1 | |
| Town Hall | 5 | |
| Keep | 2 | |
| Lumber Mill | 1 | |
| Blacksmith | 1 | |
| Castle | 2 | |
| Arcane Sanctum | 1 | |
| Workshop | 2 | |
| Scout Tower | 37 | |
| Guard Tower | 31 | |
| Arcane Tower | 1 | |
97 total
» build order
00:13 Altar of Kings
00:18 Barracks
00:25 Farm
01:00 Farm
01:41 Farm
02:25 Farm
03:35 Arcane Vault
03:44 Town Hall
05:18 Farm
05:19 Farm
05:21 Keep
06:32 Lumber Mill
07:16 Blacksmith
07:20 Farm
07:21 Farm
07:22 Farm
07:44 Castle
07:44 Castle
08:05 Arcane Sanctum
09:44 Farm
09:45 Farm
09:52 Workshop
11:18 Workshop
16:03 Scout Tower
16:04 Scout Tower
16:05 Scout Tower
16:10 Scout Tower
16:11 Scout Tower
16:13 Scout Tower
18:38 Scout Tower
18:38 Scout Tower
18:39 Scout Tower
18:40 Scout Tower
19:53 Guard Tower
20:19 Guard Tower
20:29 Guard Tower
20:29 Guard Tower
20:31 Scout Tower
20:32 Scout Tower
20:33 Scout Tower
21:01 Town Hall
21:38 Guard Tower
21:38 Guard Tower
22:24 Guard Tower
22:29 Scout Tower
22:29 Scout Tower
22:30 Scout Tower
22:31 Scout Tower
23:46 Guard Tower
23:47 Guard Tower
24:01 Scout Tower
24:02 Scout Tower
24:19 Guard Tower
24:19 Guard Tower
24:26 Scout Tower
24:26 Scout Tower
24:27 Scout Tower
24:50 Guard Tower
24:50 Guard Tower
25:03 Guard Tower
25:03 Guard Tower
25:03 Guard Tower
25:32 Guard Tower
25:33 Guard Tower
25:58 Guard Tower
26:04 Scout Tower
26:32 Guard Tower
29:31 Town Hall
38:20 Scout Tower
38:22 Scout Tower
38:24 Scout Tower
38:25 Scout Tower
39:19 Scout Tower
39:21 Scout Tower
39:22 Scout Tower
39:24 Scout Tower
39:25 Scout Tower
39:27 Scout Tower
39:47 Arcane Tower
40:27 Scout Tower
40:28 Scout Tower
40:39 Town Hall
40:45 Scout Tower
40:46 Scout Tower
40:48 Guard Tower
40:48 Guard Tower
41:41 Guard Tower
41:43 Guard Tower
42:33 Guard Tower
42:34 Guard Tower
42:53 Guard Tower
44:47 Guard Tower
46:11 Town Hall
» items
| Scroll of Regeneration | 2 | |
| Scroll of Town Portal | 4 | |
| Potion of Healing | 2 | |
8 total
OgDuR (
teal | 72 APM | 4720 actions | 65:35)
5 Death Knight
3 Death Coil
2 Unholy Aura
4 Lich
2 Frost Nova
2 Frost Armor
3 Crypt Lord
2 Impale
1 Spiked Carapace
» actions
| Assign group hotkey | 320 | |
| Basic commands | 34 | |
| Build / train | 138 | |
| Enter build submenu | 36 | |
| Enter hero's abilities submenu | 13 | |
| Give item / drop item | 2 | |
| Remove unit from queue | 1 | |
| Right click | 1950 | |
| Select / deselect | 583 | |
| Select group hotkey | 1452 | |
| Use ability | 190 | |
4720 total
» units
| Acolyte | 64 | |
| Ghoul | 6 | |
| Crypt Fiend | 18 | |
| Frost Wyrm | 12 | |
100 total
» upgrades
» buildings
| Crypt | 1 | |
| Graveyard | 1 | |
| Altar of Darkness | 1 | |
| Ziggurat | 16 | |
| Tomb of Relics | 1 | |
| Halls of the Dead | 1 | |
| Black Citadel | 1 | |
| Sacrificial Pit | 1 | |
| Boneyard | 1 | |
| Spirit Tower | 4 | |
| Nerubian Tower | 4 | |
32 total
» build order
00:07 Crypt
00:20 Graveyard
00:42 Altar of Darkness
00:57 Ziggurat
01:29 Tomb of Relics
02:05 Ziggurat
03:41 Ziggurat
04:32 Halls of the Dead
06:27 Ziggurat
07:05 Ziggurat
07:34 Black Citadel
10:19 Sacrificial Pit
10:57 Ziggurat
11:27 Boneyard
15:22 Ziggurat
16:20 Ziggurat
18:10 Ziggurat
18:11 Ziggurat
18:12 Ziggurat
21:17 Spirit Tower
22:10 Spirit Tower
22:12 Spirit Tower
26:33 Spirit Tower
32:19 Ziggurat
32:20 Ziggurat
32:20 Ziggurat
36:49 Nerubian Tower
36:49 Nerubian Tower
37:06 Nerubian Tower
38:12 Ziggurat
38:18 Ziggurat
39:13 Nerubian Tower
» items
| Rod of Necromancy | 3 | |
| Potion of Mana | 1 | |
| Orb of Corruption | 1 | |
| Scroll of Town Portal | 3 | |
| Dust of Appearance | 2 | |
10 total
Tequila-Zombie (
red | 77 APM | 5056 actions | 65:33)
4 Death Knight
2 Death Coil
2 Unholy Aura
3 Lich
2 Frost Nova
1 Frost Armor
4 Dark Ranger
2 Silence
2 Black Arrow
» actions
| Assign group hotkey | 248 | |
| Basic commands | 106 | |
| Build / train | 145 | |
| ESC pressed | 19 | |
| Enter build submenu | 48 | |
| Enter hero's abilities submenu | 11 | |
| Give item / drop item | 3 | |
| Remove unit from queue | 1 | |
| Right click | 2234 | |
| Select / deselect | 746 | |
| Select group hotkey | 1232 | |
| Use ability | 263 | |
5056 total
» units
| Acolyte | 28 | |
| Ghoul | 12 | |
| Obsidian Statue | 17 | |
| Crypt Fiend | 6 | |
| Gargoyle | 21 | |
84 total
» upgrades
| Destroyer Form | 1 | |
| Creature Carapace | 1 | |
| Creature Attack | 2 | |
| Web | 1 | |
5 total
» buildings
| Crypt | 1 | |
| Altar of Darkness | 3 | |
| Ziggurat | 18 | |
| Tomb of Relics | 3 | |
| Nerubian Tower | 2 | |
| Graveyard | 1 | |
| Halls of the Dead | 6 | |
| Black Citadel | 1 | |
| Slaughterhouse | 3 | |
| Necropolis | 4 | |
| Spirit Tower | 10 | |
| Sacrificial Pit | 1 | |
53 total
» build order
00:07 Crypt
00:08 Altar of Darkness
00:10 Ziggurat
00:58 Tomb of Relics
02:30 Nerubian Tower
02:37 Ziggurat
04:12 Graveyard
04:28 Halls of the Dead
05:25 Altar of Darkness
05:44 Altar of Darkness
05:52 Ziggurat
06:30 Halls of the Dead
06:30 Halls of the Dead
06:30 Halls of the Dead
07:46 Ziggurat
08:51 Black Citadel
08:53 Slaughterhouse
09:33 Slaughterhouse
11:28 Ziggurat
11:30 Ziggurat
15:58 Necropolis
19:08 Halls of the Dead
22:44 Spirit Tower
23:21 Spirit Tower
23:34 Spirit Tower
24:48 Spirit Tower
24:49 Spirit Tower
29:35 Necropolis
41:09 Tomb of Relics
42:17 Sacrificial Pit
42:21 Ziggurat
42:22 Ziggurat
42:50 Ziggurat
42:51 Ziggurat
42:56 Ziggurat
42:57 Ziggurat
44:04 Spirit Tower
44:43 Nerubian Tower
44:44 Spirit Tower
44:44 Spirit Tower
45:05 Spirit Tower
55:17 Slaughterhouse
60:34 Necropolis
60:36 Ziggurat
60:36 Ziggurat
60:38 Ziggurat
60:38 Ziggurat
60:39 Ziggurat
60:39 Ziggurat
60:48 Tomb of Relics
64:18 Necropolis
» items
| Rod of Necromancy | 1 | |
| Dust of Appearance | 2 | |
| Potion of Healing | 6 | |
| Potion of Mana | 3 | |
| Orb of Corruption | 1 | |
| Scroll of Town Portal | 8 | |
| Scroll of Regeneration | 1 | |
22 total
Tokugawa (
orange | 49 APM | 3198 actions | 65:45)
4 Paladin
2 Holy Light
2 Devotion Aura
3 Archmage
2 Summon Water Elemental
1 Brilliance Aura
» actions
| Assign group hotkey | 3 | |
| Basic commands | 4 | |
| Build / train | 95 | |
| ESC pressed | 3 | |
| Enter build submenu | 35 | |
| Enter hero's abilities submenu | 7 | |
| Right click | 1691 | |
| Select / deselect | 1137 | |
| Use ability | 223 | |
3198 total
» units
| Peasant | 35 | |
| Footman | 13 | |
| Priest | 5 | |
| Knight | 13 | |
66 total
» upgrades
| Defend | 1 | |
| Priest Training | 2 | |
| Animal War Training | 1 | |
| Swords | 2 | |
| Plating | 3 | |
| Magic Sentry | 1 | |
| Masonry | 1 | |
11 total
» buildings
| Farm | 12 | |
| Altar of Kings | 1 | |
| Lumber Mill | 1 | |
| Barracks | 3 | |
| Keep | 1 | |
| Arcane Vault | 1 | |
| Castle | 1 | |
| Arcane Sanctum | 1 | |
| Blacksmith | 1 | |
| Scout Tower | 8 | |
| Arcane Tower | 1 | |
| Guard Tower | 4 | |
| Town Hall | 2 | |
37 total
» build order
00:09 Farm
00:23 Altar of Kings
00:40 Lumber Mill
00:53 Barracks
01:17 Farm
02:04 Farm
02:32 Farm
03:14 Farm
04:32 Keep
06:46 Arcane Vault
07:33 Castle
07:37 Barracks
07:40 Arcane Sanctum
08:09 Farm
08:10 Farm
08:12 Farm
10:06 Blacksmith
11:11 Barracks
11:33 Farm
11:35 Farm
13:34 Farm
14:03 Farm
14:56 Scout Tower
18:17 Arcane Tower
19:27 Scout Tower
19:30 Scout Tower
19:33 Scout Tower
19:49 Scout Tower
19:52 Scout Tower
20:15 Guard Tower
20:32 Guard Tower
20:33 Guard Tower
20:38 Scout Tower
21:11 Scout Tower
21:43 Guard Tower
23:14 Town Hall
28:57 Town Hall
» items
| Rod of Necromancy | 1 | |
| Dust of Appearance | 1 | |
2 total
Chat log
(00:04 / Allies) aE.GatoRade.: wow
(00:07 / Allies) aE.GatoRade.: i will buy a new comp
(00:15 / Allies) aE.GatoRade.: and btw
(00:18 / Allies) aE.GatoRade.: the #1 reason for obesity
(00:20 / Allies) aE.GatoRade.: in america
(00:22 / Allies) aE.GatoRade.: is not the food
(00:33 / Allies) aE.GatoRade.: its the fuckin soda consumption
(00:36 / Allies) AE.GATORADE.SUX: in(
(00:36 / Allies) aE.GatoRade.: u wanna gain fat
(00:37 / Allies) AE.GATORADE.SUX: *
(00:39 / Allies) aE.GatoRade.: drink a shitload of soda
(00:44 / Allies) MidnightSoul: play this classic?
(00:47 / Allies) PLEASEDONTGO: so eating twice as much of us in every meal/snack not = fatter?
(00:55 / Allies) AE.GATORADE.SUX: i eat
(00:56 / Allies) AE.GATORADE.SUX: non stop
(00:58 / Allies) AE.GATORADE.SUX: and i havent
(00:59 / Allies) aE.GatoRade.: we know
(01:04 / Allies) AE.GATORADE.SUX: gained weight for 1 and a half years
(01:12 / Allies) aE.GatoRade.: btw
(01:14 / Allies) aE.GatoRade.: im towering
(01:16 / Allies) aE.GatoRade.: -.-
(01:32 / Allies) AE.GATORADE.SUX: toweirng wut
(01:35 / Allies) AE.GATORADE.SUX: them or you
(02:07 / Allies) MidnightSoul: hilarious
(02:11 / All) aE.GatoRade.: red
(02:13 / All) aE.GatoRade.: i will b raping u
(02:15 / All) aE.GatoRade.: gl this game
(02:28 / All) OgDuR: lol 2 shops?
(02:30 / All) OgDuR: wtf
(02:57 / Allies) aE.GatoRade.: come
(03:17 / Allies) AE.GATORADE.SUX: not tping
(03:19 / Allies) AE.GATORADE.SUX: too close
(03:21 / Allies) AE.GATORADE.SUX: for that
(03:45 / Allies) AE.GATORADE.SUX: omg
(03:47 / Allies) AE.GATORADE.SUX: missed surround
(04:09 / Allies) aE.GatoRade.: spikes - gg them
(05:04 / Allies) aE.GatoRade.: kil acco
(05:05 / Allies) aE.GatoRade.: he techin
(05:11 / Allies) aE.GatoRade.: nvm
(05:13 / Allies) aE.GatoRade.: canceld
(06:13 / Allies) aE.GatoRade.: blue
(06:14 / Allies) aE.GatoRade.: make sum towers
(08:37 / All) Tequila-Zombie: me and pink all out warr going on
(08:42 / All) Tequila-Zombie: bm vs dk
(08:48 / Allies) AE.GATORADE.SUX: im getting
(08:48 / Allies) AE.GATORADE.SUX: raped
(11:03 / Allies) aE.GatoRade.: there
(11:03 / Allies) aE.GatoRade.: idiots
(11:12 / Allies) MidnightSoul: yeah
(11:16 / Allies) MidnightSoul: pretty much
(11:19 / Allies) MidnightSoul: going tauren
(12:04 / Allies) MidnightSoul: lich
(12:06 / Allies) AE.GATORADE.SUX: he will
(12:07 / Allies) AE.GATORADE.SUX: heal
(13:13 / Allies) AE.GATORADE.SUX: omg
(13:59 / Allies) AE.GATORADE.SUX: sorcs mort knight
(14:02 / Allies) AE.GATORADE.SUX: purple
(14:23 / Allies) AE.GATORADE.SUX: froge it
(14:27 / Allies) AE.GATORADE.SUX: no
(14:28 / Allies) AE.GATORADE.SUX: dont go
(14:54 / All) Tequila-Zombie: die you sons of bitches
(16:06 / Allies) PLEASEDONTGO: wood
(16:33 / Allies) AE.GATORADE.SUX: tp?
(16:36 / Allies) aE.GatoRade.: no
(16:45 / Allies) aE.GatoRade.: blyue gt out
(17:20 / Allies) aE.GatoRade.: jill
(17:22 / Allies) aE.GatoRade.: need to mort ur base
(17:28 / Allies) aE.GatoRade.: or get canon towers
(19:41 / Allies) aE.GatoRade.: who
(19:43 / Allies) aE.GatoRade.: bought nmy orb
(19:44 / Allies) aE.GatoRade.: faggots
(20:08 / Allies) AE.GATORADE.SUX: no
(20:17 / Allies) MidnightSoul: god damnit
(21:59 / Allies) aE.GatoRade.: jill
(22:02 / Allies) aE.GatoRade.: im comin to gay heros
(22:05 / Allies) aE.GatoRade.: need ur stun
(22:07 / Allies) PLEASEDONTGO: k
(22:14 / Allies) AE.GATORADE.SUX: the am
(22:15 / Allies) AE.GATORADE.SUX: is weak
(22:17 / Allies) AE.GATORADE.SUX: level 2
(22:20 / Allies) AE.GATORADE.SUX: orange
(24:39 / Allies) PLEASEDONTGO: go there ben
(25:21 / Allies) AE.GATORADE.SUX: coem here
(25:24 / Allies) aE.GatoRade.: blue
(25:25 / Allies) aE.GatoRade.: is that u
(25:26 / Allies) aE.GatoRade.: with my towers?
(25:32 / Allies) aE.GatoRade.: seriously
(25:33 / Allies) MidnightSoul: targeting the wyrms
(25:36 / Allies) MidnightSoul: =/
(25:51 / Allies) AE.GATORADE.SUX: jill this expo
(27:43 / Allies) aE.GatoRade.: jill
(27:44 / Allies) aE.GatoRade.: gold me
(27:45 / Allies) aE.GatoRade.: for pots
(27:54 / Allies) AE.GATORADE.SUX: really
(27:56 / Allies) AE.GATORADE.SUX: are you kidding me
(28:06 / Allies) AE.GATORADE.SUX: sorry jill
(28:08 / Allies) AE.GATORADE.SUX: have to do this
(28:12 / Allies) aE.GatoRade.: wow
(28:14 / Allies) aE.GatoRade.: ben
(28:14 / Allies) aE.GatoRade.: stop
(28:18 / Allies) aE.GatoRade.: or
(28:20 / Allies) aE.GatoRade.: oh
(28:21 / Allies) aE.GatoRade.: u stuck
(28:21 / Allies) aE.GatoRade.: lol
(28:31 / Allies) AE.GATORADE.SUX: yes
(28:38 / Allies) AE.GATORADE.SUX: who is
(28:41 / Allies) AE.GATORADE.SUX: rectal talkign to...
(28:52 / Allies) aE.GatoRade.: me
(28:54 / Allies) PLEASEDONTGO: wood
(29:18 / Allies) PLEASEDONTGO: move your shit
(29:20 / Allies) AE.GATORADE.SUX: wut
(29:22 / Allies) PLEASEDONTGO: move
(29:57 / Allies) AE.GATORADE.SUX: coming joll
(29:59 / Allies) AE.GATORADE.SUX: waich out
(31:14 / Allies) aE.GatoRade.: canon towers
(31:14 / Allies) aE.GatoRade.: jill
(31:15 / Allies) aE.GatoRade.: make them
(31:16 / Allies) aE.GatoRade.: at main
(31:16 / Allies) PLEASEDONTGO: no shit
(33:35 / Allies) AE.GATORADE.SUX: ?
(33:42 / Allies) PLEASEDONTGO: fiends
(33:43 / Allies) AE.GATORADE.SUX: workshops
(34:06 / Allies) PLEASEDONTGO: wood
(34:12 / Allies) PLEASEDONTGO: anything you have
(34:14 / Allies) aE.GatoRade.: gold
(34:16 / Allies) aE.GatoRade.: for potions
(34:25 / Allies) aE.GatoRade.: ben
(34:28 / Allies) aE.GatoRade.: we need to take out expos
(34:28 / Allies) aE.GatoRade.: if we can
(34:33 / Allies) AE.GATORADE.SUX: i have no tp
(34:34 / Allies) AE.GATORADE.SUX: ill get raped
(35:12 / Allies) AE.GATORADE.SUX: lich
(38:01 / Allies) aE.GatoRade.: i know
(38:34 / Allies) AE.GATORADE.SUX: wanna give me gold for a tp?
(38:39 / Allies) AE.GATORADE.SUX: so i can go do something?
(38:58 / Allies) AE.GATORADE.SUX: thanks
(39:43 / Allies) PLEASEDONTGO: pally
(40:09 / Allies) AE.GATORADE.SUX: run
(42:26 / All) OgDuR: omfg
(42:30 / All) OgDuR: you guys are so fuckign lame
(42:33 / Allies) aE.GatoRade.: lmfao
(42:35 / All) OgDuR: you have lost you mother fucker
(42:38 / All) OgDuR: get over it
(42:40 / All) OgDuR: you lost
(43:23 / Allies) aE.GatoRade.: fuckin makin shades
(48:00 / Allies) aE.GatoRade.: jill
(48:03 / Allies) aE.GatoRade.: gold me
(48:03 / Allies) AE.GATORADE.SUX: uh need you
(48:28 / Allies) aE.GatoRade.: gold me
(48:29 / Allies) aE.GatoRade.: for pots
(48:57 / Allies) AE.GATORADE.SUX: jil....
(49:00 / Allies) PLEASEDONTGO: what
(49:05 / Allies) AE.GATORADE.SUX: are you coming or not
(51:30 / All) PLEASEDONTGO: GET OUT OF MY FUCKING GAME
(51:33 / All) PLEASEDONTGO: GET THE FUCK OUT|
(51:47 / All) OgDuR: you get the fuck out
(52:01 / Allies) AE.GATORADE.SUX: wher
(52:05 / Allies) aE.GatoRade.: jill hit that
(52:09 / Allies) AE.GATORADE.SUX: n puprke
(52:10 / Allies) AE.GATORADE.SUX: expo
(54:05 / Allies) aE.GatoRade.: 200g
(54:05 / Allies) aE.GatoRade.: plz
(54:26 / Allies) AE.GATORADE.SUX: DK
(54:35 / Allies) AE.GATORADE.SUX: damnit
(55:05 / Allies) aE.GatoRade.: yo sexy lend a nigger 200g
(55:22 / Allies) AE.GATORADE.SUX: that expi...
(55:52 / Allies) AE.GATORADE.SUX: pink
(55:53 / Allies) AE.GATORADE.SUX: purple am
(55:54 / Allies) AE.GATORADE.SUX: so weak
(57:15 / Allies) aE.GatoRade.: go dnd sumthin
(57:16 / Allies) aE.GatoRade.: lol
(57:19 / Allies) AE.GATORADE.SUX: i am
(57:21 / Allies) AE.GATORADE.SUX: killing these towers
(57:23 / Allies) AE.GATORADE.SUX: for this expo
(57:28 / Allies) aE.GatoRade.: jill
(57:29 / Allies) aE.GatoRade.: teal coming
(57:31 / Allies) aE.GatoRade.: lets rape taht dk
(58:34 / Allies) AE.GATORADE.SUX: ypu can finish this epxo
(58:35 / Allies) AE.GATORADE.SUX: just under 2k
(58:53 / Allies) AE.GATORADE.SUX: coming
(59:14 / Allies) AE.GATORADE.SUX: can do it
(59:16 / Allies) aE.GatoRade.: pally
(59:18 / Allies) AE.GATORADE.SUX: withotu jill
(59:40 / Allies) AE.GATORADE.SUX: ?
(59:48 / All) aE.GatoRade.: LEWL
(59:50 / All) aE.GatoRade.: MOTHER FUCKING
(59:51 / All) aE.GatoRade.: LEWL
(60:04 / Allies) aE.GatoRade.: ima check red out
(60:36 / Allies) aE.GatoRade.: wow
(60:38 / Allies) aE.GatoRade.: lol
(60:49 / Allies) AE.GATORADE.SUX: going to your base
(61:12 / Allies) AE.GATORADE.SUX: ugh cant
(61:13 / Allies) aE.GatoRade.: ill rape the morts
(61:19 / Allies) aE.GatoRade.: kill that am
(61:42 / Allies) aE.GatoRade.: gold now
(61:47 / Allies) aE.GatoRade.: gold now
(62:15 / Allies) aE.GatoRade.: thats all there gold
(62:41 / All) aE.GatoRade.: SO UM
(62:43 / All) aE.GatoRade.: WUTS UP NOOBS
(62:47 / Allies) AE.GATORADE.SUX: can you kill purple
(62:49 / Allies) AE.GATORADE.SUX: please jill
(62:59 / Allies) aE.GatoRade.: i got u bot
(63:00 / Allies) aE.GatoRade.: jil
(63:03 / Allies) aE.GatoRade.: green
(63:03 / Allies) aE.GatoRade.: go
(63:04 / Allies) aE.GatoRade.: now
(63:05 / Allies) aE.GatoRade.: to her bot expo
(63:06 / Allies) aE.GatoRade.: go
(63:07 / Allies) AE.GATORADE.SUX: going
(63:08 / Allies) MidnightSoul: acolyte
(63:23 / Allies) aE.GatoRade.: the silence bitch
(63:24 / Allies) aE.GatoRade.: first
(63:51 / All) aE.GatoRade.: WUT UP
(63:56 / All) AE.GATORADE.SUX: hi red
(64:07 / All) aE.GatoRade.: LAWL
(64:08 / All) aE.GatoRade.: U GOT PROD
(64:12 / Allies) AE.GATORADE.SUX: not enouth mana
(64:16 / Allies) AE.GATORADE.SUX: fuckiong purple man
(64:17 / Allies) AE.GATORADE.SUX: jill
(64:18 / Allies) PLEASEDONTGO: I GOT IT
(64:21 / Allies) PLEASEDONTGO: SHUT UP PLEASE
(65:00 / Allies) aE.GatoRade.: omg
(65:35 / Allies) AE.GATORADE.SUX: i need mana on lich before i do anythign
(65:36 / All) aE.GatoRade.: LOL
(65:38 / All) aE.GatoRade.: NOOS DOWN
(65:43 / All) aE.GatoRade.: NOOBS
(65:43 / All) aE.GatoRade.: DOWN